 Dungeon Crawl Stone Soup version 0.30-a0-953-g5f1da4a474 (webtiles) character file.

Game seed: 6995098550930636912

44 Mickster the Digger (level 3, -6/19 HPs)
             Began as a Deep Elf Earth Elementalist on Mar 28, 2023.
             Succumbed to a goblin's poison
             ... on level 2 of the Dungeon.
             The game lasted 00:14:56 (785 turns).

Mickster the Digger (Deep Elf Earth Elementalist)    Turns: 785, Time: 00:14:56

Health: -6/19      AC:  2    Str:  5    XL:     3   Next: 39%
Magic:  10/10      EV: 12    Int: 21    God:
Gold:   90         SH:  0    Dex: 15    Spells: 8/9 levels left

rFire   . . .      SeeInvis .    h - +0 war axe
rCold   . . .      Faith    .    (no shield)
rNeg    . . .      Spirit   .    a - +0 robe
rPois   .          Reflect  .    (no helmet)
rElec   .          Rampage  .    (no cloak)
rCorr   .                        (no gloves)
Will    .....                    (no boots)
Stlth   ++                       (no amulet)
HPRegen 0.23/turn                d - ring of flight
MPRegen 0.12/turn                (no ring)

@: lethally poisoned (-6 -> -35), flying
A: no striking features
a: no special abilities


You were on level 2 of the Dungeon.
You visited 1 branch of the dungeon, and saw 2 of its levels.

You collected 90 gold pieces.

Inventory:

Hand Weapons
 b - a +0 hand axe
 h - a +0 war axe (weapon)
Missiles
 e - 17 stones
Armour
 a - a +0 robe (worn)
Jewellery
 d - a ring of flight (left hand)
Scrolls
 f - a scroll of teleportation
Potions
 c - 3 potions of heal wounds
 g - a potion of flight


   Skills:
 * Level 0.4 Axes
 + Level 2.6 Dodging
 + Level 2.8 Stealth
 + Level 3.7 Spellcasting
 + Level 1.1 Transmutations
 * Level 4.1 Earth Magic


You had 8 spell levels left.
You knew the following spells:

 Your Spells              Type           Power      Damage    Failure   Level
a - Sandblast             Erth           42%        2d11      2%          1

Your spell library contained the following spells:

 Spells                   Type           Power      Damage    Failure   Level
 Passwall                 Tmut/Erth      11%        N/A       6%          2
 Stone Arrow              Conj/Erth      24%        3d8       16%         3
 Petrify                  Tmut/Erth      14%        N/A       38%         4


Dungeon Overview and Level Annotations

Branches:
Dungeon (2/15)

Altars:

Annotations:
D:1 1 runed translucent door


Message History

Casting: Sandblast (safe; 2% risk of failure)
Confirm with . or Enter, or press ? or * to list all spells.
Aiming: Sandblast (safe; 2% risk of failure)
Press: ? - help, Shift-Dir - straight line, f - giant cockroach
Aim: a giant cockroach (asleep, 100% to hit)
The blast of sand hits the giant cockroach!
You kill the giant cockroach!
Found a hand axe.
f - a scroll of teleportation
Found a black potion.
i - a black potion
There are no items here.
It was a potion of attraction.
You feel attractive to monsters.
You start waiting.
Your extra speed is starting to run out.
You feel yourself slow down.
There is a stone staircase leading down here.
There is a stone staircase leading down here.
You feel less attractive to monsters.
Found a stone staircase leading down.
A goblin comes into view. It is wielding a +2 dagger of venom.
The goblin shouts!
A bat comes into view.
You miss the goblin. The bat hits you.
The goblin hits you with a +2 dagger of venom.
You are poisoned.
You hit the goblin.
The goblin is heavily wounded.
You feel very sick. The bat closely misses you.
The goblin hits you with a +2 dagger of venom.
You are more poisoned.
The goblin hits you with a +2 dagger of venom.
* * * LOW HITPOINT WARNING * * *
You are more poisoned.
You barely miss the goblin.
The goblin is moderately wounded.
You hit the bat but do no damage.
You die...

#. ###. # ... .## #.. ..#
..##..# # .....# #.#gb..#
#.#.#@#..# ## #........#
.. #####.#### .# #.# .#
#.########.####
#.##..........##. ###
#.##.###.........
##.#####.##.###...##.###
#####................†##.#


You could see a goblin and a bat.

Vanquished Creatures
  An adder (D:2)
  A dart slug (D:2)
  3 ball pythons (D:2)
  An endoplasm (D:1)
  A giant cockroach (D:2)
  3 hobgoblins (D:2)
  6 jackals (D:1)
  3 kobolds
  A quokka (D:2)
  3 bats
  A frilled lizard (D:1)
  2 goblins (D:1)
  4 rats
30 creatures vanquished.

Vanquished Creatures (others)
  3 plants (D:1)
3 creatures vanquished.

Grand Total: 33 creatures vanquished

Notes
Turn   | Place    | Note
-------+----------+-------------------------------------------
     0 | D:1      | Mickster the Deep Elf Earth Elementalist began the quest
                  | for the Orb.
     0 | D:1      | Reached XP level 1. HP: 10/10 MP: 6/6
     1 | D:1      | Found a runed translucent door.
    93 | D:1      | Reached XP level 2. HP: 11/15 MP: 0/8
   429 | D:1      | Found a faded altar of an unknown god.
   561 | D:2      | Reached XP level 3. HP: 19/19 MP: 8/10
   562 | D:2      | Reached skill level 4 in Earth Magic
   785 | D:2      | Succumbed to a goblin's poison

Illustrated notes

Levels and vault maps discovered:
D:1:      dpeg_arrival_caged_fury, layout_basic,
          shapermc_ecumenical_altar_notcrosses, serial_forest,
          infiniplex_forest_join, infiniplex_forest_clump_medium,
          infiniplex_forest_clump_medium, infiniplex_forest_clump_cross,
          infiniplex_forest_clump_curved, infiniplex_forest_zigzag_2,
          infiniplex_forest_3_way, infiniplex_forest_end_3
D:2:      layout_loops_cross, minmay_octomino_j4

Skill      XL: |  1  2  3 |
---------------+----------+-----
Earth Magic    | 4 |  4.1
Axes           | |  0.4
Dodging        | |  2.6
Stealth        | |  2.8
Spellcasting   | |  3.7
Transmutations | |  1.1

Action                     || total
---------------------------++-------
  Melee: Unarmed           ||     4
         Hand axe          ||    20
         War axe           ||     8
   Cast: Sandblast         ||    34
    Use: Scroll            ||     5
         Potion            ||     4
 Armour: Robe              ||     9
  Dodge: Dodged            ||    18

Table legend: (Time is in decaauts)
 A = Elapsed time spent in this place.
 B = Non-inter-level travel time spent in this place.
 C = Inter-level travel time spent in this place.
 D = Time resting spent in this place.
 E = Time spent auto-exploring this place.
 F = Levels seen in this place.
 G = Mean time per level.
                   A        B        C        D        E       F      G
               +--------+--------+--------+--------+--------+-----+--------+
         Total |    790 |    790 |      0 |     22 |      0 |   2 |  395.0 |
       Dungeon |    790 |    790 |      0 |     22 |      0 |   2 |  395.0 |
               +--------+--------+--------+--------+--------+-----+--------+

Top non-repeatable levels by time:
     D:1: 506 daAuts
     D:2: 283 daAuts
